 Dungeon Crawl Stone Soup version 0.30-a0-632-g346586fe48 (webtiles) character file.

Game seed: 9179192224336152585

2112 tilp the Slasher (level 9, -11/75 HPs)
             Began as a Meteoran Fighter on Jan 13, 2023.
             Was a Follower of Okawaru.
             Mangled by a two-headed ogre
             ... wielding a +0 giant club
              (18 damage)
             ... on level 8 of the Dungeon.
             The game lasted 00:13:35 (2787 turns).

tilp the Slasher (Meteoran Fighter)                 Turns: 2787, Time: 00:13:36

Health: -11/75     AC: 15    Str: 18    XL:     9   Next: 83%
Magic:  10/10      EV:  7    Int: 11    God:    Okawaru [*.....]
Gold:   332        SH:  0    Dex: 17    Spells: 8/8 levels left

rFire   . . .      SeeInvis .    a - +3 scimitar
rCold   + . .      Faith    .    c - +0 buckler
rNeg    . . .      Spirit   .    f - +0 plate armour
rPois   .          Reflect  .    p - +0 helmet
rElec   .          Harm     .    (no cloak)
rCorr   .          Rampage  .    q - +0 pair of gloves
Will    +....                    (no boots) Stlth
                                 (no amulet)
HPRegen 0.32/turn                e - ring of protection from cold
MPRegen 0.12/turn                t - ring of flight

@: confused, lethally poisoned (-11 -> -14), ambrosia-drunk, attractive, flying,
glowing
A: sense surroundings 2, otherworldly, glowing, explore regen
a: Renounce Religion, Heroism


You were on level 8 of the Dungeon.
You worshipped Okawaru.
Okawaru was aware of your devotion.
You visited 1 branch of the dungeon, and saw 9 of its levels.

You collected 332 gold pieces.

Inventory:

Hand Weapons
 a - a +3 scimitar (weapon)
 b - a +1 dagger of speed
 h - a +1 long sword
 l - a +0 dagger of venom
Missiles
 m - 6 boomerangs
 v - 13 poisoned darts (quivered)
Armour
 c - a +0 buckler (worn)
 d - a +0 scale mail
 f - a +0 plate armour (worn)
 p - a +0 helmet (worn)
 q - a +0 pair of gloves (worn)
Jewellery
 e - a ring of protection from cold (left hand)
 s - a ring of magical power
 t - a ring of flight (right hand)
Wands
 g - a wand of iceblast (4)
Scrolls
 j - 2 scrolls of enchant weapon
 n - a scroll of magic mapping
 y - a scroll of poison
Potions
 i - a potion of magic
 u - 2 potions of brilliance
 w - a potion of haste {unknown}


   Skills:
 - Level 6.0 Fighting
 + Level 6.3 Long Blades
 - Level 4.0 Throwing
 - Level 6.0 Armour
 + Level 6.3 Dodging
 - Level 4.0 Stealth
 - Level 4.0 Shields
 - Level 4.0 Evocations


You had 8 spell levels left.
You didn't know any spells.
Your spell library was empty.

Dungeon Overview and Level Annotations

Branches:
Dungeon (9/15) Zot: 2497
 Temple: D:4-7         Lair: D:8-11         Orc: D:9-12

Altars:
Ashenzari
Elyvilon
Fedhas
Gozag
Okawaru
Qazlal
Ru
Uskayaw
Vehumet


Innate Abilities, Weirdness & Mutations

You passively map the area around you.
You are easily found by Zot.
You glow in the dark.
You regain HP and MP as you explore.


Message History

Okawaru accepts your kill.
You feel very sick.
The killer bee stings you but does no damage. x3
The killer bee stings you.
* * * LOW HITPOINT WARNING * * *
The kobold brigand closely misses you. You block the killer bee's attack.
The killer bee stings you but does no damage.
The kobold brigand hits you but does no damage.
Training target 6.0 for Fighting reached!
Your Fighting skill increases to level 6!
Unknown command.
Unknown command.
Your surroundings suddenly seem different.
A two-headed ogre comes into view. It is wielding two +0 giant clubs.
Found 19 gold pieces.
You feel very sick.
The two-headed ogre shouts in stereo!
The two-headed ogre hits you with a +0 giant club!
* * * LOW HITPOINT WARNING * * *
You block the two-headed ogre's attack.
Unknown command.
* * * LOW HITPOINT WARNING * * *
You feel very sick.
Unknown command.
It was a potion of flight.
You feel more buoyant.
* * * LOW HITPOINT WARNING * * *
You feel sick.
Unknown command.
It was a potion of ambrosia.
You are confused.
You feel invigorated.
You feel sick. The two-headed ogre barely misses you.
The two-headed ogre hits you with a +0 giant club.
* * * LOW HITPOINT WARNING * * *
Unknown command.
It was a potion of attraction.
You feel attractive to monsters.
You feel sick.
The two-headed ogre hits you with a +0 giant club!!
You die...

* , #.......... , , ,
#.......### , , , , ,,
,#######.# * , , * , ##.### , ,
* * , ** #..... * * * #####
####..### **, ##...## #........
, ** ,##.....## #.##..### , , *
#.@O....###.##.<# , ,,
+....$..#.......# * ,
#...#.......###....###. ,,
#y..##.....## ###...... ,,
*#...###...## #...... ####
#...# ##### #####..#### ,
##...# #...###...###..........
##.....##...##.....######...###
*#......y#...#.......# #....#


You could see a two-headed ogre.

Vanquished Creatures
  A wyvern (D:8)
  3 yaks (D:8)
  Duvessa (D:5)
  An orc warrior (D:5)
  An ice beast (D:6)
  An ogre (D:4)
  A phantom (D:6)
  2 bullfrogs (D:9)
  A kobold brigand (D:8)
  2 necrophages
  3 wights (D:8)
  Dowan (D:5)
  A killer bee (D:8)
  3 hounds
  A jelly (D:6)
  An orc priest (D:5)
  4 iguanas
  Natasha (D:4)
  4 orc wizards
  4 gnolls (D:6)
  2 adders
  An ufetubus (D:5)
  A dart slug (D:5)
  21 orcs
  6 bats
  3 endoplasms
  5 giant cockroaches
  6 goblins
  8 hobgoblins
  A jackal (D:3)
  A quokka (D:2)
  9 ball pythons
  3 frilled lizards (D:3)
  6 kobolds
  4 rats
114 creatures vanquished.

Notes
Turn   | Place    | Note
-------+----------+-------------------------------------------
     0 | D:1      | tilp the Meteoran Fighter began the quest for the Orb.
     0 | D:1      | Reached XP level 1. HP: 19/19 MP: 2/2
   142 | D:1      | Reached XP level 2. HP: 26/26 MP: 3/3
   205 | D:1      | Reached skill level 1 in Dodging
   331 | D:2      | Reached XP level 3. HP: 31/31 MP: 4/4
   541 | D:2      | Found a faded altar of an unknown god.
   709 | D:3      | Found an opulent altar of Gozag.
   760 | D:3      | Found a blossoming altar of Fedhas.
   816 | D:3      | Reached XP level 4. HP: 38/38 MP: 5/5
   816 | D:3      | Noticed a necrophage
   852 | D:3      | Killed a necrophage
   853 | D:3      | Reached skill level 1 in Stealth
   853 | D:3      | Reached XP level 5. HP: 11/46 MP: 6/6
  1134 | D:4      | Found a sacrificial altar of Ru.
  1166 | D:4      | Reached XP level 6. HP: 35/52 MP: 7/7
  1307 | D:4      | Found a radiant altar of Vehumet.
  1312 | D:4      | Noticed an ogre
  1322 | D:4      | Killed an ogre
  1323 | D:4      | Reached skill level 1 in Throwing
  1323 | D:4      | Reached skill level 1 in Evocations
  1386 | D:4      | Reached XP level 7. HP: 57/59 MP: 8/8
  1419 | D:4      | Noticed Natasha
  1432 | D:4      | Killed Natasha
  1456 | D:5      | Entered Level 5 of the Dungeon
  1593 | D:5      | Reached XP level 8. HP: 29/66 MP: 9/9
  1636 | D:5      | Found a broken altar of Ashenzari.
  1700 | D:5      | Noticed Duvessa
  1701 | D:5      | Noticed Dowan
  1732 | D:5      | Killed Duvessa
  1745 | D:5      | Killed Dowan
  1956 | D:6      | Found a white marble altar of Elyvilon.
  1984 | D:6      | Found a stormy altar of Qazlal.
  2156 | D:6      | Reached skill level 5 in Armour
  2156 | D:6      | Reached skill level 5 in Dodging
  2177 | D:6      | Found a hide-covered altar of Uskayaw.
  2197 | D:6      | Reached skill level 5 in Long Blades
  2317 | D:6      | Found an iron altar of Okawaru.
  2326 | D:6      | Became a worshipper of Warmaster Okawaru
  2448 | D:9      | Reached skill level 5 in Fighting
  2448 | D:9      | Gained mutation: You passively map the area around you.
                  | [Meteoran growth]
  2448 | D:9      | Reached XP level 9. HP: 74/74 MP: 10/10
  2489 | D:8      | Reached * piety under Okawaru
  2632 | D:7      | Noticed a troll
  2783 | D:8      | Noticed a two-headed ogre
  2787 | D:8      | Mangled by a two-headed ogre

Illustrated notes

Levels and vault maps discovered:
D:1:      dpeg_arrival_signposts, layout_loops_ring,
          hangedman_decor_clover_reticule
D:2:      wander_river, layout_rooms, ebering_ecumenical_altar_ruins
D:3:      layout_basic, nicolae_overflow_crystal_walls,
          mainiacjoe_overflow_surrounded_room, minivault_19, st_stairs_4
D:4:      layout_loops_ring, kennysheep_vampire_church,
          mainiacjoe_overflow_cross_hatched, mainiacjoe_overflow_24_doors,
          uniq_natasha
D:5:      layout_cave_pools, mainiacjoe_overflow_alcove_1, uniq_duvessa
D:6:      layout_rooms, mainiacjoe_overflow_alcove_4,
          mainiacjoe_overflow_catwalk, overflow_temple_1_default,
          mainiacjoe_overflow_catch_the_wave, serial_shops, shop,
          roderic_serpentine_path, minmay_misc_feat_ornament
D:7:      layout_basic, temple_green, uniq_maggie, uniq_joseph
D:8:      kennysheep_six_static_rooms, layout_loops_ring,
          nzn_hepliaklqana_mist_gate
D:9:      kennysheep_windowed_halls, layout_stronghold,
          kennysheep_generic_room_15

Skill      XL: |  1  2  3  4  5  6  7  8  9 |
---------------+----------------------------+-----
Dodging        | 1 2 3 4 5 6 |  6.3
Armour         | 4 5 6 |  6.0
Long Blades    | 3 4 5 6 |  6.3
Stealth        | 1 2 3 4 |  4.0
Shields        | 4 |  4.0
Fighting       | 4 5 6 |  6.0
Throwing       | 1 2 3 4 |  4.0
Evocations     | 1 2 3 4 |  4.0

Action                   |  1- 3 |  4- 6 |  7- 9 || total
-------------------------+-------+-------+-------++-------
Melee: Long sword        |    86 |   120 |   293 ||   499
       Scimitar          |       |       |    16 ||    16
Throw: Dart              |       |     1 |    17 ||    18
Invok: Heroism           |       |       |     2 ||     2
Evoke: Wand              |       |       |     3 ||     3
  Use: Scroll            |       |     9 |     4 ||    13
       Potion            |       |     1 |     6 ||     7
Armor: Plate armour      |    61 |    91 |   213 ||   365
Dodge: Dodged            |    24 |    20 |    83 ||   127
Block: Buckler           |    29 |    38 |    85 ||   152

Table legend: (Time is in decaauts)
 A = Elapsed time spent in this place.
 B = Non-inter-level travel time spent in this place.
 C = Inter-level travel time spent in this place.
 D = Time resting spent in this place.
 E = Time spent auto-exploring this place.
 F = Levels seen in this place.
 G = Mean time per level.
                   A        B        C        D        E       F      G
               +--------+--------+--------+--------+--------+-----+--------+
         Total |   2901 |   2622 |    279 |      0 |      0 |   9 |  322.3 |
       Dungeon |   2901 |   2622 |    279 |      0 |      0 |   9 |  322.3 |
               +--------+--------+--------+--------+--------+-----+--------+

Top non-repeatable levels by time:
     D:5: 521 daAuts
     D:3: 500 daAuts
     D:6: 472 daAuts
     D:4: 354 daAuts
     D:1: 334 daAuts
     D:2: 333 daAuts
     D:8: 330 daAuts
     D:9: 33 daAuts
     D:7: 20 daAuts
